 Dungeon Crawl Stone Soup version 0.18.1-48-g4cf74bf (webtiles) character file.

141 Gadfly the Caller (level 5, 0/29 HPs)
             Began as a Tengu Summoner on July 16, 2016.
             Was an Initiate of Elyvilon.
             Slain by an iguana (10 damage)
             ... on level 4 of the Dungeon.
             The game lasted 00:08:55 (5112 turns).

Gadfly the Caller (Tengu Summoner)                  Turns: 5112, Time: 00:08:56

Health: 0/29       AC:  3    Str:  9    XL:     5   Next: 24%
Magic:  18/18      EV: 13    Int: 15    God:    Elyvilon [......]
Gold:   154        SH:  0    Dex: 15    Spells: 2 memorised, 1 level left

rFire  . . .     SeeInvis .     d - +1 spear
rCold  . . .     Gourm    .     g - +0 robe
rNeg   . . .     Faith    .     (no shield)
rPois  .         Spirit   .     (helmet restricted)
rElec  .         Dismiss  .     a - +0 cloak
rCorr  .         Reflect  .     (no gloves)
SustAt +         Harm     .     (boots unavailable)
MR     .....                    (no amulet)
Stlth  ++........               e - ring of sustain attributes
                                i - ring of magical power

@: not resistant to hostile enchantments, unstealthy
A: beak, talons 3, able to fly 1
a: Fly, Renounce Religion


You were on level 4 of the Dungeon.
You worshipped Elyvilon.
Elyvilon was noncommittal.
You were not hungry.

You visited 1 branch of the dungeon, and saw 4 of its levels.

You collected 154 gold pieces.

Inventory:

Hand Weapons
 d - a +1 spear (weapon)
Armour
 a - a +0 cloak (worn)
 g - a +0 robe (worn)
Jewellery
 e - a ring of sustain attributes (right hand)
 i - a ring of magical power (left hand)
 k - an uncursed ring of resist corrosion
 m - a +3 ring of strength
 n - an uncursed ring of positive energy
 q - an uncursed ring of protection from cold
Wands
 l - a wand of lightning (15/15)
Scrolls
 h - 2 scrolls of amnesia
Potions
 j - 2 potions of haste
 o - a potion of brilliance {unknown}
 p - a potion of flight {unknown}
Books
 b - a book of Callings

   Spells                             Type                      Level
   a - Summon Small Mammal            Summoning                    1
   b - Call Imp                       Summoning                    2
   c - Call Canine Familiar           Summoning                    3
   d - Summon Guardian Golem          Hexes/Summoning              3
   e - Summon Lightning Spire         Summoning/Air                4
   f - Summon Ice Beast               Ice/Summoning                4
Comestibles
 c - a bread ration
 f - a meat ration
 r - a royal jelly


   Skills:
 + Level 1.5 Fighting
 + Level 1.3 Polearms
 + Level 3.1 Dodging
 - Level 2.0 Stealth
 + Level 2.2 Spellcasting
 * Level 6.2 Summonings
 * Level 0.6 Air Magic


You had one spell level left.
You knew the following spells:

 Your Spells              Type           Power        Failure   Level  Hunger
a - Summon Lightning Spi  Summ/Air       ##......     54%         4    #####..
b - Call Canine Familiar  Summ           ###.....     6%          3    ###....


Dungeon Overview and Level Annotations

Branches:
Dungeon (4/15)
 Temple: D:4-7

Altars:
Elyvilon
Pakellas

Annotations:
D:3 Wimi090's ghost, amateur NaFi


Innate Abilities, Weirdness & Mutations

You have a beak for a mouth.
You have claws for feet.
You can fly.


Message History

You hit the iguana but do no damage. Your kick misses the iguana.
You peck the iguana, but do no damage.
The iguana is lightly wounded.
The iguana bites you!
You hit the iguana. You peck the iguana, but do no damage.
The iguana is moderately wounded.
The iguana barely misses you.
You hit the iguana. You claw the iguana, but do no damage. You peck the iguana.
The iguana is severely wounded.
The iguana misses you.
You barely miss the iguana.
The iguana is severely wounded.
The iguana barely misses you.
You barely miss the iguana. You claw the iguana.
The iguana is almost dead.
The iguana misses you.
You barely miss the iguana. Your kick misses the iguana.
The iguana is almost dead.
The iguana bites you!
You die...

#####....###
#.......<..#
#..........#
#..........#
#..........#
#..........#
#..........#
#....%.....#
#..@.......#
#..l.......#
#..........#
#..........#
#..........#
############


You could see an iguana.

Vanquished Creatures
  5 adders
  A howler monkey skeleton (D:4)
  An ooze (D:1)
  2 worms (D:2)
  2 dart slugs (D:3)
  5 giant geckos
  6 bats
  3 giant cockroaches
  7 goblins
  7 hobgoblins
  5 jackals (D:3)
  3 kobolds
  A quokka (D:3)
  A giant newt (D:1)
  6 rats
55 creatures vanquished.

Vanquished Creatures (collateral kills)
  An adder skeleton (D:1)
  2 worms (D:3)
  A bat (D:2)
  A goblin (D:1)
  3 hobgoblins
  3 jackals (D:2)
  2 giant newts
  4 kobolds
17 creatures vanquished.

Grand Total: 72 creatures vanquished

Notes
Turn   | Place    | Note
--------------------------------------------------------------
     0 | D:1      | Gadfly the Tengu Summoner began the quest for the Orb.
     0 | D:1      | Reached XP level 1. HP: 10/10 MP: 4/4
   127 | D:1      | Reached skill level 5 in Summonings
   262 | D:1      | Reached XP level 2. HP: 15/15 MP: 6/6
  1283 | D:1      | Reached XP level 3. HP: 19/19 MP: 7/7
  1415 | D:1      | Learned a level 3 spell: Call Canine Familiar
  2581 | D:2      | Found an oddly glowing altar of Pakellas.
  2601 | D:2      | Reached skill level 1 in Fighting
  2601 | D:2      | Reached XP level 4. HP: 14/25 MP: 8/8
  2854 | D:2      | Reached skill level 6 in Summonings
  3368 | D:2      | Learned a level 4 spell: Summon Lightning Spire
  3710 | D:3      | Reached skill level 1 in Polearms
  3940 | D:3      | Found a white marble altar of Elyvilon.
  3950 | D:3      | Became a worshipper of Elyvilon the Healer
  4231 | D:3      | Gained mutation: You can fly. [Tengu growth]
  4231 | D:3      | Reached XP level 5. HP: 14/29 MP: 9/9
  4545 | D:3      | Noticed Wimi090's ghost (amateur NaFi)
  5112 | D:4      | Slain by an iguana

Skill      XL: |  1  2  3  4 |
---------------+-------------+-----
Summonings     | 5 6 |  6.2
Fighting       | 1 |  1.5
Polearms       | 1 |  1.3
Dodging        | 3 |  3.1
Stealth        | |  2.0
Spellcasting   | |  2.2
Air Magic      | |  0.6

Action                   |  1- 3 |  4- 6 || total
-------------------------+-------+-------++-------
Melee: Spear             |   104 |   126 ||   230
       Kick              |    12 |    18 ||    30
       Peck              |     9 |    15 ||    24
 Cast: Summon Small Mamm |     6 |       ||     6
       Call Canine Famil |     4 |     5 ||     9
  Use: Potion            |     3 |     1 ||     4
       Scroll            |     2 |     6 ||     8
 Stab: Sleeping          |     3 |     7 ||    10
       Distracted        |       |     3 ||     3
  Eat: Chunk             |     6 |     9 ||    15
Armor: Robe              |    11 |    21 ||    32
Dodge: Dodged            |    56 |    78 ||   134
